Map: Orbital Shipyard

Players

MythiC - Winner!

  • Race: Terran Terran
  • League: Grandmaster

LiquidSnute (Snute)

  • Race: Zerg Zerg
  • League: Grandmaster

VOD

https://www.youtube.com/watch?v=uSx59KuXRdA

Description

Time

  • Played on: Feb. 24, 2016, 1:35 p.m.
  • Length: 13:36
Show
View Real Time Build Order
Export as new Build Order

MythiC Terran - Winner!

Build Orders: Bio Tank 

Get SALT Encoding   

  12  0:00  SCV  
  13  0:13  SCV  
  14  0:17  Supply Depot  
  14  0:25  SCV  
  15  0:39  SCV  
  15  0:40  Barracks  
  16  0:44  Refinery  
  16  0:51  SCV  
  17  1:03  SCV  
  18  1:15  SCV  
  19  1:27  Barracks Reactor  
  19  1:28  Orbital Command  
  19  1:39  Command Center  
  19  1:51  Supply Depot  
  19  1:54  SCV  
  19  1:59  Refinery  
  20  2:04  Reaper x2  
  20  2:06  SCV  
  23  2:18  SCV, Barracks  
  24  2:30  SCV, Barracks  
  24  2:36  Reaper x2  
  27  2:42  SCV  
  28  2:52  Orbital Command  
  28  2:54  SCV  
  29  3:07  SCV  
  29  3:08  Reaper x2  
  32  3:17  SCV  
  32  3:19  SCV  
  34  3:22  Barracks Tech Lab, Marine  
  34  3:23  Factory  
  35  3:27  Supply Depot  
  35  3:31  SCV  
  35  3:33  SCV  
  37  3:40  Marine x2  
  37  3:43  SCV  
  37  3:45  Marine  
  37  3:46  SCV, Stimpack, Marine  
  41  3:55  SCV  
  41  3:58  SCV  
  41  3:59  Marine x2  
  44  4:07  SCV, Marine x2  
  47  4:10  SCV, Supply Depot  
  47  4:11  Factory Reactor  
  47  4:15  Starport  
  47  4:17  Marine x2  
  48  4:19  SCV, Refinery  
  48  4:22  SCV  
  52  4:25  Marine x2  
  54  4:31  SCV, Supply Depot  
  54  4:34  Refinery  
  54  4:36  Marine x2  
  54  4:38  SCV  
  58  4:40  Supply Depot  
  58  4:47  Marine x2  
  58  4:48  Engineering Bay  
  58  4:50  SCV  
  58  4:51  SCV  
  62  4:54  Marine  
  63  5:01  Factory Tech Lab, Medivac x2  
  63  5:03  SCV  
  63  5:04  Marine  
  63  5:05  SCV, Marine x2  
  72  5:10  Supply Depot  
  72  5:15  SCV  
  72  5:17  Barracks  
  72  5:18  SCV  
  72  5:20  Barracks  
  74  5:23  Siege Tank  
  74  5:25  Liberator  
  74  5:26  Terran Infantry Weapons Level 1  
  74  5:27  SCV  
  77  5:30  SCV  
  77  5:33  Marine  
  77  5:40  SCV  
  78  5:47  Combat Shields  
  78  5:48  Marine x2  
  78  5:49  SCV  
  84  5:51  Marine  
  84  5:53  Marine  
  84  5:56  Supply Depot  
  86  5:57  Supply Depot  
  86  6:04  Supply Depot  
  86  6:12  Liberator  
  86  6:15  Marine  
  86  6:17  Marine x3  
  86  6:18  Siege Tank, Medivac  
  94  6:19  Marine x2  
  95  6:30  Liberator  
  88  6:33  Marine  
  88  6:35  Marine x2  
  88  6:36  Marine  
  84  6:50  Siege Tank  
  84  6:51  Marine  
  84  6:53  Marine x2  
  88  6:58  Marine  
  79  7:02  SCV x2  
  62  7:09  Marine  
  62  7:11  Marine x2  
  62  7:14  SCV x2  
  61  7:16  Marine  
  62  7:24  Siege Tank  
  62  7:27  Marine  
  62  7:29  Marine x2  
  68  7:33  SCV x2  
  68  7:45  SCV  
  68  7:46  Marine x3  
  68  7:47  Medivac  
  68  7:49  Marine, Medivac  
  77  7:52  SCV  
  77  7:57  SCV  
  79  8:03  Marine  
  79  8:04  SCV, Command Center, Marine x2  
  83  8:06  Siege Tank  
  83  8:07  Marine  
  83  8:12  SCV  
  88  8:13  Supply Depot  
  88  8:18  Terran Infantry Armor Level 1  
  88  8:21  Marine x2, Medivac  
  88  8:22  Marine  
  88  8:25  Marine  
  94  8:31  Supply Depot x2  
  94  8:32  SCV x2  
  96  8:39  Marine x2  
  96  8:40  Marine  
  99  8:43  Marine  
  99  8:44  Supply Depot  
  99  8:45  Supply Depot, Siege Tank, Medivac  
  99  8:46  Supply Depot  
  105  8:57  Marine x2  
  105  8:58  Marine  
  105  9:00  Medivac  
  110  9:06  Marine  
  111  9:15  Marine x2  
  111  9:16  Marine  
  111  9:17  Siege Tank  
  111  9:24  Marine  
  115  9:32  Marine  
  115  9:33  Marine  
  115  9:34  Marine  
  115  9:35  Medivac x2  
  115  9:36  Orbital Command  
  115  9:37  SCV x2  
  121  9:41  Marine  
  122  9:50  SCV x2, Marine  
  122  9:51  Marine  
  122  9:52  Marine  
  127  9:59  Marine  
  128  10:02  Siege Tank  
  127  10:08  Marine  
  127  10:09  Marine  
  127  10:10  Marine  
  127  10:13  Medivac  
  125  10:16  Medivac  
  125  10:17  Marine  
  125  10:26  Marine x2  
  125  10:28  Marine  
  128  10:34  Siege Tank  
  128  10:35  Marine  
  129  10:36  Barracks x2  
  129  10:43  Medivac  
  129  10:44  Marine x2  
  129  10:45  Armory, Marine  
  129  10:53  Marine  
  130  11:01  Medivac  
  130  11:02  Marine x2  
  130  11:03  Marine  
  134  11:06  Siege Tank  
  134  11:10  Marine  
  130  11:13  Medivac  
  124  11:19  Marine  
  124  11:20  Marine  
  124  11:21  Marine  
  127  11:28  Marine  
  127  11:29  Marine x2  
  127  11:31  Medivac  
  127  11:32  SCV x2  
  134  11:34  Refinery  
  134  11:35  Factory, Refinery  
  134  11:37  Command Center, Marine  
  134  11:38  Siege Tank, Marine  
  134  11:39  Marine  
  140  11:46  Marine  
  141  11:47  Marine x2  
  143  11:55  Marine x2  
  143  11:57  Marine  
  146  12:04  Marine  
  146  12:05  Marine x2  
  146  12:06  Supply Depot  
  149  12:16  Liberator  
  149  12:18  Supply Depot  
  149  12:19  Supply Depot, Marine  
  149  12:20  Marine  
  149  12:24  Factory Tech Lab  
  149  12:27  Barracks Reactor x2  
  148  12:33  Siege Tank  
  148  12:34  Barracks Reactor x2  
  154  12:37  Marine  
  154  12:38  Marine  
  156  12:55  Marine x2  
  158  13:02  Siege Tank  
  151  13:13  Marine x2  
  151  13:14  Marine x2  
  151  13:16  Marine x3  
Show
View Real Time Build Order
Export as new Build Order

LiquidSnute Zerg 

Build Orders: Hatch First 

Get SALT Encoding   

  12  0:00  Drone  
  13  0:12  Overlord  
  13  0:16  Drone  
  14  0:30  Drone x2  
  14  0:34  Drone  
  17  0:51  Hatchery  
  17  0:54  Drone  
  17  0:57  Drone  
  18  0:59  Extractor  
  17  1:11  Spawning Pool  
  17  1:16  Drone  
  17  1:18  Drone  
  18  1:28  Drone  
  19  1:38  Overlord  
  19  1:58  Metabolic Boost, Queen, Zergling x2  
  23  2:01  Zergling x2  
  23  2:03  Queen  
  25  2:09  Overlord  
  25  2:13  Drone  
  26  2:22  Drone  
  27  2:30  Zergling x4  
  27  2:31  Zergling x2  
  27  2:34  Queen  
  32  2:44  Zergling x4  
  34  2:55  Drone  
  35  3:01  Drone x2  
  35  3:04  Drone  
  36  3:14  Drone x4  
  36  3:15  Drone x3  
  43  3:28  Hatchery  
  42  3:34  Drone  
  42  3:39  Overlord  
  43  3:42  Lair  
  43  3:58  Drone x8  
  43  4:00  Extractor  
  43  4:02  Extractor, Roach Warren  
  48  4:05  Drone  
  49  4:10  Drone  
  50  4:21  Overlord x3  
  50  4:22  Overlord  
  50  4:39  Queen  
  50  4:44  Roach  
  50  4:45  Roach x6  
  66  4:46  Glial Reconstitution  
  66  4:54  Roach x2  
  66  4:57  Overlord  
  66  4:58  Roach  
  74  5:00  Roach  
  74  5:03  Queen  
  76  5:08  Roach x2  
  76  5:10  Roach  
  76  5:13  Roach  
  84  5:26  Roach x4  
  92  5:33  Roach  
  92  5:34  Roach x2  
  97  5:36  Overlord  
  97  5:55  Zergling x2  
  97  5:56  Zergling x14  
  105  5:58  Overlord x3  
  100  6:19  Zergling x2  
  100  6:20  Zergling x22  
  96  6:31  Zergling x6  
  88  6:38  Ravager x3  
  88  6:39  Zergling x10  
  93  6:43  Zergling x2  
  83  6:52  Zergling x4  
  83  6:53  Zergling x2  
  83  6:58  Zergling x2  
  61  7:11  Zergling x8  
  56  7:17  Drone x2  
  56  7:18  Drone  
  56  7:19  Drone  
  56  7:21  Drone  
  59  7:23  Drone  
  54  7:31  Drone  
  54  7:32  Drone x2  
  54  7:33  Drone  
  54  7:35  Drone  
  52  7:40  Drone  
  52  7:41  Queen  
  54  7:44  Queen  
  54  7:49  Drone x2  
  54  7:50  Drone  
  59  7:55  Drone  
  58  8:03  Drone x2  
  59  8:05  Drone  
  59  8:07  Queen  
  59  8:09  Roach Warren  
  60  8:14  Drone x2  
  60  8:16  Drone  
  60  8:17  Drone, Queen  
  66  8:24  Queen, Zergling x2  
  69  8:29  Spore Crawler  
  69  8:32  Drone  
  69  8:33  Drone x2  
  71  8:36  Evolution Chamber  
  70  8:43  Queen, Spore Crawler  
  71  8:49  Roach x4  
  71  8:50  Roach x2  
  71  8:51  Roach  
  71  8:52  Queen  
  71  8:53  Roach x2  
  71  8:54  Roach  
  93  9:00  Roach x2  
  97  9:07  Roach x3  
  103  9:10  Zerg Ground Armor Level 1  
  103  9:12  Ravager x2  
  103  9:13  Ravager x2  
  107  9:20  Drone x6  
  107  9:22  Drone  
  114  9:26  Drone x4  
  117  9:35  Ravager  
  117  9:38  Queen x3  
  117  9:40  Extractor  
  117  9:43  Extractor  
  121  9:47  Zergling x12  
  127  9:54  Ravager x2  
  127  9:57  Zergling x2  
  118  10:10  Zergling x10  
  118  10:11  Zergling x10  
  118  10:14  Queen x2, Zergling x10  
  100  10:16  Roach x2  
  107  10:24  Roach  
  109  10:32  Roach x2  
  112  10:37  Ravager  
  112  10:38  Roach x3  
  114  10:48  Ravager x2  
  114  10:51  Roach x3  
  114  10:54  Queen  
  114  10:55  Queen  
  111  11:06  Hatchery  
  111  11:08  Roach  
  111  11:09  Roach x7  
  114  11:17  Roach x2  
  99  11:30  Queen  
  99  11:32  Ravager x2  
  103  11:33  Zergling x6  
  103  11:37  Extractor  
  103  11:39  Queen  
  107  11:41  Roach  
  109  11:47  Roach  
  109  11:53  Overlord x2  
  111  11:56  Overlord  
  111  12:10  Nydus Network  
  111  12:11  Queen  
  111  12:14  Ravager, Queen  
  115  12:24  Roach  
  115  12:25  Roach x6  
  115  12:29  Roach  
  131  12:30  Roach  
  131  12:34  Roach  
  131  12:35  Roach  
  137  12:47  Nydus Canal  
  137  12:55  Overlord x3  
  137  13:01  Nydus Canal  
  135  13:12  Roach x4  
  118  13:15  Nydus Canal  
Tags
 
Add a new tag
Caveats
  • Supply blocks, unpowered buildings, or Contaminate may cause inaccurate times.
  • Supply counts are checked every 10 seconds.